 Dungeon Crawl Stone Soup version 0.28-a0-21-gf74fda84f9 (webtiles) character file.

Game seed: 3921862135927236240

159 tilp the Scratcher (level 5, -2/22 HPs)
             Began as a Felid Hedge Wizard on July 26, 2021.
             Was an Initiate of Vehumet.
             Slain by a bullfrog (6 damage)
             ... on level 5 of the Dungeon.
             The game lasted 00:12:41 (9443 turns).

tilp the Scratcher (Felid Hedge Wizard)             Turns: 9443, Time: 00:12:41

Health: -2/22      AC:  1    Str:  6    XL:     5   Next: 17%
Magic:  4/10       EV: 18    Int: 16    God:    Vehumet [......]
Gold:   245        SH:  0    Dex: 16    Spells: 5/10 levels left
                                        Lives:  0   Deaths: 1

rFire   . . .      SeeInvis +     - Unarmed
rCold   . . .      Faith    +   (shield unavailable)
rNeg    + . .      Spirit   .   (armour unavailable)
rPois   .          Reflect  .   (helmet unavailable)
rElec   .          Harm     .   (cloak unavailable)
rCorr   .          Rampage  .   (gloves unavailable)
Will    .....                   (boots unavailable)
Stlth   +++.......              k - amulet of the Circus Animal {Faith rN+ Slay+6}
HPRegen 0.07/turn               a - ring of flight
MPRegen 0.12/turn               (no ring)

@: flying, quick
A: very small, claws 1, fangs 3, see invisible, speed 1, shaggy fur 1, stealthy
paws, no weapons or thrown items, no armour, multi-lived
a: Renounce Religion


You were on level 5 of the Dungeon.
You worshipped Vehumet.
Vehumet was noncommittal.
You visited 2 branches of the dungeon, and saw 6 of its levels.

You collected 245 gold pieces.

Inventory:

Jewellery
 a - a ring of flight (left paw)
 b - an amulet of guardian spirit
 k - the amulet of the Circus Animal (around neck) {Faith rN+ Slay+6}
   (You found it on level 4 of the Dungeon)

   [amulet of faith]

   It allows you to gain divine favour quickly.
   Slay:      It affects your accuracy & damage with ranged weapons and melee
   (+6).
   rN:        It protects you from negative energy.
 o - an amulet of faith
Wands
 h - a wand of polymorph (12)
Scrolls
 i - a scroll of enchant armour {unknown}
Potions
 c - a potion of lignification
 d - a potion of brilliance
 e - a potion of heal wounds
 f - a potion of curing
 g - a potion of might {unknown}
 l - a potion of haste {unknown}


   Skills:
 - Level 2.0 Fighting
 - Level 4.0 Dodging
 - Level 4.0 Stealth
 - Level 4.0 Unarmed Combat
 - Level 3.0 Spellcasting
 + Level 1.3 Conjurations
 + Level 1.4 Summonings
 - Level 1.5 Translocations


You had 5 spell levels left.
You knew the following spells:

 Your Spells              Type           Power      Damage    Failure   Level
a - Magic Dart            Conj           24%        1d4       11%         1
b - Call Imp              Summ           7%         N/A       16%         2
c - Blink                 Tloc           N/A        N/A       16%         2

Your spell library contained the following spells:

 Spells                   Type           Power      Damage    Failure   Level
 Corona                   Hex            2%         N/A       19%         1
 Sting                    Tmut/Pois      8%         1d3       19%         1
 Slow                     Hex            2%         N/A       28%         2
 Wereblood                Tmut           2%         N/A       28%         2
 Summon Guardian Golem    Hex/Summ       4%         N/A       38%         3
 Conjure Flame            Conj/Fire      4%         6-21      41%         3
 Mephitic Cloud           Conj/Pois/Air  3%         N/A       43%         3
 Summon Ice Beast         Ice/Summ       4%         N/A       80%         4
 Summon Mana Viper        Hex/Summ       4%         N/A       98%         5
 Monstrous Menagerie      Summ           3%         N/A       100%        7
 Spellforged Servitor     Conj/Summ      3%         N/A       100%        7
 Storm Form               Tmut/Air       1%         N/A       100%        7


Dungeon Overview and Level Annotations

Branches:
Dungeon (5/15)             Temple (1/1) D:4

Altars:
Cheibriados
Elyvilon
Hepliaklqana
Makhleb
Nemelex Xobeh
Okawaru
Qazlal
Ru
Sif Muna
Vehumet
Wu Jian
Xom
Yredelemnul
Zin
The Shining One


Innate Abilities, Weirdness & Mutations

You have sharp claws.
You have razor-sharp teeth.
You have supernaturally acute eyesight. (SInv)
You cover ground quickly. (Speed+)
You are covered in fur. (AC +1)
Your paws help you pounce on unaware monsters.
You are incapable of wielding weapons or throwing items.
You cannot wear armour.
You gain extra lives every three experience levels.


Message History

As you read the scroll of identify, it crumbles to dust.
e - a potion of heal wounds You now have 245 gold pieces (gained 15).
i - a scroll labelled XEWKAPH MOSA
Okay, then.
Found a stone staircase leading down.
j - a scroll of identify
As you read the scroll of identify, it crumbles to dust.
f - a potion of curing
Found a club.
A hound comes into view.
Unknown command.
A bullfrog comes into view.
Found a scroll of teleportation and 2 scrolls labelled BOMURI OTTOTS.
You see here a +0 club.
The hound barks!
The bullfrog gives a loud, deep croak!
Casting: Call Imp (safe; 16% risk of failure)
Confirm with . or Enter, or press ? or * to list all spells.
A beastly little devil appears in a puff of frigid air.
Casting: Call Imp (safe; 16% risk of failure)
Confirm with . or Enter, or press ? or * to list all spells.
A beastly little devil appears in a puff of flame.
The hound closely misses you.
Casting: Call Imp (safe; 16% risk of failure)
Confirm with . or Enter, or press ? or * to list all spells.
A beastly little devil appears in a puff of flame.
The bullfrog barely misses you. The hound misses you. The bullfrog hits you.
The hound misses you.
You scratch the hound.
The hound is moderately wounded.
The bullfrog hits you! The hound bites you.
Your white imp gestures at the hound.
The puff of frost hits the hound!
Unknown command.
You closely miss the hound.
The hound is almost dead.
The bullfrog misses you. The hound bites you.
* * * LOW HITPOINT WARNING * * *
The bullfrog hits you.
You die...

########.##.#.#.###.....
#.............#.# ....
#.............#..
#........>.##.###
#..........##.##
#..........##..# .
#..........###.#####...
#>.........# #55...?...
#..........# ##@5.....#
#..........# #hF.....#
#..........# #.......#
############ #.......#
#.......# #?......#
#.......# #########


You could see a bullfrog, a hound (ally target), 2 friendly crimson imps and a
friendly white imp (summoned).

Vanquished Creatures
  An orc priest (D:3)
  An orc wizard (D:3)
  3 adders
  An adder skeleton (D:4)
  A worm (D:2)
  4 orcs
  4 ball pythons
  8 endoplasms
  2 giant cockroaches
  5 goblins
  11 hobgoblins
  4 jackals
  4 kobolds
  4 quokkas
  7 bats
  2 frilled lizards (D:1)
  4 rats (D:1)
66 creatures vanquished.

Vanquished Creatures (collateral kills)
  An iguana (D:4)
  Ijyb (D:3)
  An orc wizard (D:3)
  4 gnolls
  3 adders
  A worm (D:3)
  3 orcs
  3 endoplasms
  5 goblins (D:2)
  4 hobgoblins
  2 kobolds
  A rat (D:2)
29 creatures vanquished.

Vanquished Creatures (others)
  A plant (D:3)
1 creature vanquished.

Grand Total: 96 creatures vanquished

Notes
Turn   | Place    | Note
-------+----------+-------------------------------------------
     0 | D:1      | tilp the Felid Hedge Wizard began the quest for the Orb.
     0 | D:1      | Reached XP level 1. HP: 7/7 MP: 5/5
   234 | D:1      | Reached skill level 1 in Unarmed Combat
   349 | D:1      | Reached XP level 2. HP: 12/12 MP: 4/7
   352 | D:1      | Learned a level 2 spell: Call Imp
   355 | D:1      | Learned a level 2 spell: Blink
   856 | D:1      | Reached skill level 1 in Fighting
  2080 | D:2      | Reached XP level 3. HP: 15/15 MP: 4/8
  3471 | D:2      | Reached XP level 4. HP: 7/19 MP: 1/9
  5249 | D:3      | Noticed Ijyb
  5853 | D:3      | Found a faded altar of an unknown god.
  5890 | D:3      | Got Plato's Handbook of Bewitchment
  6552 | D:3      | Killed Ijyb
  6553 | D:3      | Reached XP level 5. HP: 22/22 MP: 2/10
  6905 | D:4      | HP: 1/22 [iguana (14)]
  7926 | D:3      | Slain by an orc priest
  7927 | D:3      | Reached XP level 4. HP: 0/19 MP: 0/9
  8213 | D:3      | Reached skill level 1 in Conjurations
  8443 | D:3      | Reached XP level 5. HP: 20/22 MP: 1/10
  8624 | D:4      | Identified the amulet of the Circus Animal {Faith rN+
                  | Slay+6}
  8814 | D:4      | Found a staircase to the Ecumenical Temple.
  8901 | D:4      | Got the Disquisition on Transmigration and Creation
  8907 | Temple   | Entered the Ecumenical Temple
  9140 | Temple   | Became a worshipper of Vehumet
  9174 | D:4      | Identified the +5 falchion "Niqi Jafu" {vorpal, Dex+4}
  9374 | D:5      | Entered Level 5 of the Dungeon
  9443 | D:5      | Slain by a bullfrog

Illustrated notes

Levels and vault maps discovered:
D:1:      dpeg_arrival_water_temple_mockup, layout_basic,
          chequers_serial_rivers_large_a, minmay_tripent
D:2:      cheibrodos_greedy_goblins, layout_loops_cross,
          kennysheep_generic_room_4
D:3:      layout_loops_ring, shapermc_ecumenical_altar_rom_forum,
          grunt_decor_clamped, uniq_ijyb
D:4:      layout_rooms, minmay_temple_entry_steel_oval
D:5:      layout_rooms, guppyfry_early_orc_mine
Temple:   regret_index_temple_generic_petals

Skill      XL: |  1  2  3  4 |
---------------+-------------+-----
Unarmed Combat | 1 2 4 |  4.0
Fighting       | 1 2 |  2.0
Dodging        | 4 |  4.0
Stealth        | 4 |  4.0
Conjurations   | 1 |  1.3
Spellcasting   | |  3.0
Summonings     | |  1.4
Translocations | |  1.5

Action                   |  1- 3 |  4- 6 || total
-------------------------+-------+-------++-------
Melee: Unarmed           |   117 |    90 ||   207
       Bite              |     6 |     5 ||    11
 Cast: Magic Dart        |    63 |     5 ||    68
       Call Imp          |     9 |    69 ||    78
       Blink             |     1 |     3 ||     4
  Use: Scroll            |     1 |     9 ||    10
 Stab: Sleeping          |     5 |     4 ||     9
       Distracted        |       |     1 ||     1
Armor: Skin              |     5 |     2 ||     7
Dodge: Dodged            |    93 |    63 ||   156

Table legend: (Time is in decaauts)
 A = Elapsed time spent in this place.
 B = Non-inter-level travel time spent in this place.
 C = Inter-level travel time spent in this place.
 D = Time resting spent in this place.
 E = Time spent auto-exploring this place.
 F = Levels seen in this place.
 G = Mean time per level.
                   A        B        C        D        E       F      G
               +--------+--------+--------+--------+--------+-----+--------+
         Total |   8798 |   8541 |    257 |   4927 |   2597 |   6 | 1466.3 |
       Dungeon |   8590 |   8352 |    238 |   4927 |   2410 |   5 | 1718.0 |
        Temple |    207 |    189 |     18 |      0 |    186 |   1 |  207.0 |
               +--------+--------+--------+--------+--------+-----+--------+

Top non-repeatable levels by time:
     D:3: 2841 daAuts
     D:2: 2703 daAuts
     D:1: 2159 daAuts
     D:4: 829 daAuts
  Temple: 207 daAuts
     D:5: 57 daAuts
